 Dungeon Crawl Stone Soup version 0.21.1-1-g345015fe64 (webtiles) character file.

131 Lentor the Conjurer (level 4, -1/35 HPs)
             Began as a Draconian Conjurer on June 12, 2018.
             Slain by Terence
             ... wielding a +0 war axe
              (5 damage)
             ... on level 2 of the Dungeon.
             The game lasted 00:07:08 (2973 turns).

Lentor the Conjurer (Draconian Conjurer)            Turns: 2973, Time: 00:07:09

Health: -1/35      AC:  5    Str: 10    XL:     4   Next: 91%
Magic:  8/8        EV: 12    Int: 17    God:
Gold:   102        SH:  0    Dex: 11    Spells: 7/8 levels left

rFire    . . .     SeeInvis .   d - +0 short sword
rCold    . . .     Gourm    .   (no shield)
rNeg     . . .     Faith    .   (armour unavailable)
rPois    .         Spirit   .   (helmet restricted)
rElec    .         Reflect  .   (no cloak)
rCorr    .         Harm     .   (no gloves)
MR       .....                  (no boots)
Stlth    ++........             (no amulet)
HPRegen  0.11/turn              (no ring)
MPRegen  0.11/turn              (no ring)

@: no status effects
A: unfitting armour, cold-blooded, AC +5
a: no special abilities


You were on level 2 of the Dungeon.
You were not hungry.

You visited 1 branch of the dungeon, and saw 3 of its levels.

You collected 102 gold pieces.

Inventory:

Hand Weapons
 d - a +0 short sword (weapon)
Scrolls
 f - a scroll of fog {unknown}
 g - 2 scrolls of remove curse {unknown}
 h - 3 scrolls of identify {unknown}
 i - a scroll of noise {unknown}
Potions
 e - 3 potions of heal wounds {unknown}
 j - a potion of might {unknown}
 k - a potion of curing {unknown}
 l - a potion of flight {unknown}
Books
 a - a book of Conjurations

   Spells                             Type                      Level
   a - Magic Dart                     Conjuration                  1
   b - Searing Ray                    Conjuration                  2
   c - Dazzling Spray                 Conjuration/Hexes            3
   d - Fulminant Prism                Conjuration/Hexes            4
   e - Force Lance                    Conjuration/Translocation    4
   f - Iskenderun's Mystic Blast      Conjuration                  4
Comestibles
 b - 10 rations


   Skills:
 + Level 1.0 Fighting
 + Level 0.6 Short Blades
 + Level 2.4 Dodging
 + Level 2.0 Stealth
 + Level 2.6 Spellcasting
 + Level 5.2 Conjurations


You had 7 spell levels left.
You knew the following spells:

 Your Spells              Type           Power        Failure   Level  Hunger
a - Magic Dart            Conj           ###.         1%          1    #......


Dungeon Overview and Level Annotations

Branches:
Dungeon (3/15)

Altars:
Vehumet

Annotations:
D:2 Terence


Innate Abilities, Weirdness & Mutations

Your plain brown scales are hard. (AC +5)
You cannot fit into any form of body armour.
You are cold-blooded and may be slowed by cold attacks.


Message History

Terence misses you.
You hit Terence but do no damage.
Your tail-slap misses Terence.
Terence is lightly wounded.
Terence hits you with a war axe.
* * * LOW HITPOINT WARNING * * *
You hit Terence but do no damage.
Terence is lightly wounded.
Terence hits you with a war axe.
* * * LOW HITPOINT WARNING * * *
You hit Terence.
Terence is moderately wounded.
Terence misses you.
You hit Terence but do no damage.
You tail-slap Terence, but do no damage.
Terence is moderately wounded.
Terence closely misses you.
You hit Terence but do no damage.
Terence is moderately wounded.
Terence hits you with a war axe.
You die...

....# ###### #.#.....#.......
....# #....#####.#.#...#.######
....#####....#..........<........
.............#.###.#.......######
....#####....#.#......รท........##
##### #....#.#.#.........###.##
#....#.#.#########.###.##
#....#.#.# #....##.##
###########....#@#######....##.##
............####@#....##....##.##
..........................>.##.##
###########..###.##.#.##(...##.##
##.# #.##"#.##....##.#. #.#
#.##.#.##....##.##
#.###.##.#.##....##.#
#..##.##.#.##....##.#
##.##.##<#.##....##.#


You could see Terence.

Vanquished Creatures
  An iguana (D:2)
  4 gnolls (D:3)
  2 adders (D:2)
  2 worms (D:2)
  A leopard gecko (D:1)
  An orc (D:3)
  2 giant cockroaches (D:1)
  6 goblins
  6 hobgoblins
  4 kobolds
  A quokka (D:3)
  A ball python (D:1)
  5 bats
  2 frilled lizards (D:1)
  9 rats
47 creatures vanquished.

Notes
Turn   | Place    | Note
-------+----------+-------------------------------------------
     0 | D:1      | Lentor the Draconian Conjurer began the quest for the Orb.
     0 | D:1      | Reached XP level 1. HP: 14/14 MP: 3/3
   553 | D:1      | Reached XP level 2. HP: 20/20 MP: 5/5
  1271 | D:1      | Reached XP level 3. HP: 22/26 MP: 6/6
  1917 | D:2      | Reached skill level 5 in Conjurations
  2090 | D:2      | Reached XP level 4. HP: 12/33 MP: 1/7
  2279 | D:2      | Found a radiant altar of Vehumet.
  2840 | D:3      | Reached skill level 1 in Fighting
  2881 | D:3      | Noticed Terence
  2973 | D:2      | Slain by Terence

Skill      XL: |  1  2  3  4 |
---------------+-------------+-----
Dodging        | 2 |  2.4
Conjurations   | 5 |  5.2
Stealth        | 2 |  2.0
Fighting       | 1 |  1.0
Short Blades   | |  0.6
Spellcasting   | |  2.6

Action                   |  1- 3 |  4- 6 || total
-------------------------+-------+-------++-------
Melee: Short sword       |    39 |    48 ||    87
       Dagger            |     7 |       ||     7
       Tailslap          |     8 |     6 ||    14
 Cast: Magic Dart        |    61 |    26 ||    87
  Eat: Chunk             |     4 |       ||     4
       Ration            |       |     1 ||     1
Armor: Skin              |    24 |     3 ||    27
Dodge: Dodged            |    34 |    38 ||    72
